 Dungeon Crawl Stone Soup version 0.31-a0-675-g238779eb0a (webtiles) character file.

Game seed: 5802640330676584206

2 qw the Shooter (level 1, 0/12 HPs)
             Began as a Gargoyle Hunter on Sept 5, 2023.
             Slain by a quokka (4 damage)
             ... on level 1 of the Dungeon.
             The game lasted 00:00:03 (110 turns).

qw the Shooter (Gargoyle Hunter)                     Turns: 110, Time: 00:00:04

Health: 0/12       AC:  5    Str: 14    XL:     1   Next: 40%
Magic:  1/1        EV: 11    Int:  9    God:
Gold:   0          SH:  0    Dex: 13    Spells: 0/0 levels left

rFire   . . .        a - +0 shortbow
rCold   . . .        (shield currently unavailable)
rNeg    + . .        c - +0 leather armour
rPois   inf          (no helmet)
rElec   +            (no cloak)
rCorr   .            (no gloves)
SInv    .            (no boots)
Will    .....        (no amulet)
Stlth   +            (no ring)
HPRegen 0.22/turn    (no ring)
MPRegen 0.07/turn

%: no passive effects
@: no status effects
A: sickness immunity, AC +2, negative energy resistance 1, electricity
resistance, torment resistance 1, petrification resistance
a: no special abilities


You were on level 1 of the Dungeon.
You visited 1 branch of the dungeon, and saw 1 of its levels.


Innate Abilities, Weirdness & Mutations

You are immune to sickness and miasma.
Your stone body is resilient. (AC +2)
You are immune to poison.
You resist negative energy. (rN+)
You are resistant to electric shocks. (rElec)
You are resistant to unholy torment.
You are immune to petrification.


   Skills:
 - Level 2.1 Fighting
 + Level 4.1 Ranged Weapons
 - Level 1.5 Dodging
 - Level 1.1 Stealth


You couldn't memorise any spells.
You didn't know any spells.
Your spell library was empty.

Inventory:

Hand Weapons
 a - a +0 shortbow (weapon)
Armour
 c - a +0 leather armour (worn)
Scrolls
 b - a scroll of butterflies

Dungeon Overview and Level Annotations

Branches:
Dungeon (1/15)

Altars:


Message History

You shoot an arrow.
The arrow barely misses the frilled lizard.
You shoot an arrow.
The arrow barely misses the frilled lizard.
You shoot an arrow. The arrow barely misses the quokka.
The frilled lizard bites you but does no damage.
The quokka bites you but does no damage.
You shoot an arrow. The arrow closely misses the quokka.
The frilled lizard barely misses you. The quokka barely misses you.
The frilled lizard misses you. The quokka bites you.
You shoot an arrow. The arrow hits the kobold.
You kill the kobold!
The quokka bites you. The frilled lizard barely misses you.
You shoot an arrow. The arrow barely misses the quokka.
The quokka barely misses you. The frilled lizard barely misses you.
The quokka bites you but does no damage.
You shoot an arrow. The arrow closely misses the quokka.
The frilled lizard bites you. The quokka closely misses you.
You shoot an arrow. The arrow closely misses the quokka.
The frilled lizard barely misses you. The quokka closely misses you.
The frilled lizard barely misses you.
You shoot an arrow. The arrow hits the quokka.
The quokka is moderately wounded.
The quokka bites you but does no damage.
The quokka barely misses you. The frilled lizard misses you.
You shoot an arrow. The arrow hits the quokka.
The quokka is heavily wounded.
The quokka bites you.
The frilled lizard bites you but does no damage.
The quokka bites you.
You shoot an arrow.
The arrow hits the quokka but does no damage.
The quokka is heavily wounded.
The frilled lizard bites you but does no damage.
The quokka closely misses you.
You shoot an arrow.
The arrow hits the quokka but does no damage.
The quokka is heavily wounded.
The frilled lizard bites you. The quokka bites you.
You die...

#. ... . ... #.. ..##?
..#### ..#+.#)##.. ..#
......#.. ...#
####.#....#....#
..........#....#
####..rl)......#
.......@....#..#
################......^.#
...............#%######?#
##############.#.# #.#.#
#.#.# ###.#.# #.....#
#####.#


You could see a quokka and a frilled lizard.

Vanquished Creatures
  A kobold (D:1)
  A quokka (D:1)
2 creatures vanquished.

Notes
Turn   | Place    | Note
-------+----------+-------------------------------------------
     0 | D:1      | qw the Gargoyle Hunter began the quest for the Orb.
     0 | D:1      | Reached XP level 1. HP: 12/12 MP: 1/1
     0 | D:1      | 0 ||| qw: Version: 0.3-a-75-g829b12e
     0 | D:1      | 0 ||| qw: Game counter: 138
     0 | D:1      | 0 ||| qw: Melee chars always use a shield: true
     0 | D:1      | 0 ||| qw: God list: Okawaru
     0 | D:1      | 0 ||| qw: Allow faded altars: false
     0 | D:1      | 0 ||| qw: Do Orc after clearing Dungeon:15 true
     0 | D:1      | 0 ||| qw: Do second Lair branch before Depths: true
     0 | D:1      | 0 ||| qw: Lair rune preference: random
     0 | D:1      | 0 ||| qw: Goals: Normal
     0 | D:1      | 0 ||| PLANNING D:1-11
   110 | D:1      | Slain by a quokka

Levels and vault maps discovered:
D:1:      tarquinn_simple_flora_water_f, layout_basic, minmay_tetromino_s2

Action                     || total
---------------------------++-------
   Fire: Shortbow          ||    25
 Armour: Leather armour    ||    21
  Dodge: Dodged            ||    15

Table legend:
 A = Non-vault XP
 B = Vault XP
 C = Vault XP percentage of total XP
 D = Non-vault monster count
 E = Vault monster count
 F = Vault count percentage of total count
                 A         B        C        D         E       F
            +---------+---------+-------+---------+---------+-------
      Total |       2 |       2 |  50.0 |       1 |       1 |  50.0
            +---------+---------+-------+---------+---------+-------
        D:1 |       2 |       2 |  50.0 |       1 |       1 |  50.0
            +---------+---------+-------+---------+---------+-------
